PAA
MERCER ISLAND SCREAMING EAGLES @ SAN ANTONIO BC
08/31/2028
 
TOP OF THE 1ST
Mercer Island Screaming Eagles batting - Pitching for San Antonio BC : RHP Derek Holbrook
Pitching: RHP Derek Holbrook
Batting: LHB Jacob Herman 0-0: Ball
1-0: Foul Ball, location: 2F
1-1: Ball
2-1: Foul Ball, location: 2F
2-2: Strikes out swinging
Batting: RHB Raúl Chávez 0-0: Ground out 5-3 (Groundball, 5)
Batting: RHB Leonardo Ramírez 0-0: Ground out 6-3 (Groundball, 6)
Top of the 1st over - 0 run(s), 0 hit(s), 0 error(s), 0 left on base; Mercer Island 0 - San Antonio 0
BOTTOM OF THE 1ST
San Antonio BC batting - Pitching for Mercer Island Screaming Eagles : RHP Alberto Reyes
Pitching: RHP Alberto Reyes
Batting: RHB Noël Sassetti 0-0: Ground out 5-3 (Groundball, 56)
Batting: RHB Chris Harrell 0-0: Ball
1-0: Called Strike
1-1: Ball
2-1: Ball
3-1: Called Strike
3-2: DOUBLE (Flyball, 78XD)
Batting: LHB Lee Hart 0-0: Ball
1-0: Called Strike
1-1: Foul Ball, location: 2F
1-2: Ball
2-2: Ball
3-2: Fly out, F7 (Flyball, 7S)
Batting: RHB Phil Dougherty 0-0: Called Strike
0-1: SINGLE (Line Drive, 78M)
Chris Harrell to third
Runner from 3rd tries for Home, SAFE, no throw
Batting: RHB Abraham Phelps 0-0: Swinging Strike
0-1: Ball
1-1: Foul Ball, location: 2F
1-2: Strikes out swinging
Bottom of the 1st over - 1 run(s), 2 hit(s), 0 error(s), 1 left on base; Mercer Island 0 - San Antonio 1
TOP OF THE 2ND
Mercer Island Screaming Eagles batting - Pitching for San Antonio BC : RHP Derek Holbrook
Batting: LHB Ramiro Ramos 0-0: Called Strike
0-1: Swinging Strike
0-2: Ball
1-2: Foul Ball, location: 2F
1-2: Strikes out looking
Batting: RHB Wade Killefer 0-0: Ball
1-0: Called Strike
1-1: Ball
2-1: Called Strike
2-2: Foul Ball, location: 2F
2-2: Strikes out swinging
Batting: RHB Martinus Xhaka 0-0: Called Strike
0-1: TRIPLE (Flyball, 9LM)
Batting: LHB Jorge Pérez 0-0: DOUBLE (Line Drive, 89M)
Martinus Xhaka scores
Batting: RHB Francisco Agámez 0-0: SINGLE (Line Drive, 6MD)
Jorge Pérez to third
Runner from 3rd tries for Home, SAFE, no throw
Batting: SHB Silas Floyd 0-0: Called Strike
0-1: Ball
Francisco Agámez steals 2nd base
1-1: Ball
2-1: Swinging Strike
2-2: Foul Ball, location: 2F
2-2: Ground out 4-3 (Groundball, 4)
Top of the 2nd over - 2 run(s), 3 hit(s), 0 error(s), 1 left on base; Mercer Island 2 - San Antonio 1
BOTTOM OF THE 2ND
San Antonio BC batting - Pitching for Mercer Island Screaming Eagles : RHP Alberto Reyes
Batting: RHB Alba Hidalgo de Jesus 0-0: Ball
1-0: Ball
2-0: Ball
3-0: Called Strike
3-1: SINGLE (Flyball, 78S)
Batting: RHB Manny Álvarez 0-0: Swinging Strike
0-1: DOUBLE (Groundball, 5L)
Alba Hidalgo de Jesus to third
Batting: RHB José Perea 0-0: Called Strike
0-1: Ground out 1-3 (Groundball, 15S)
Batting: RHB Louis Litt 0-0: Swinging Strike
0-1: Ground out 4-3 (Groundball, 4M)
Alba Hidalgo de Jesus scores
Manny Álvarez to third
Batting: RHB Noël Sassetti 0-0: Called Strike
0-1: Called Strike
0-2: Ball
1-2: Ball
2-2: Strikes out looking
Bottom of the 2nd over - 1 run(s), 2 hit(s), 0 error(s), 1 left on base; Mercer Island 2 - San Antonio 2
TOP OF THE 3RD
Mercer Island Screaming Eagles batting - Pitching for San Antonio BC : RHP Derek Holbrook
Batting: LHB Jacob Herman 0-0: Called Strike
0-1: Ball
1-1: Fly out, F9 (Flyball, 89D)
Batting: RHB Raúl Chávez 0-0: Ball
1-0: SINGLE (Line Drive, 7S)
Batting: RHB Leonardo Ramírez 0-0: Called Strike
0-1: Ball
1-1: Grounds into double play, 6-4-3 (Groundball, 6)
Top of the 3rd over - 0 run(s), 1 hit(s), 0 error(s), 0 left on base; Mercer Island 2 - San Antonio 2
BOTTOM OF THE 3RD
San Antonio BC batting - Pitching for Mercer Island Screaming Eagles : RHP Alberto Reyes
Batting: RHB Chris Harrell 0-0: SINGLE (Line Drive, 7S)
Batting: LHB Lee Hart 0-0: Called Strike
Chris Harrell is caught stealing 2nd base
0-1: Ball
1-1: Ground out U3 (Groundball, 34)
Batting: RHB Phil Dougherty 0-0: Ball
1-0: Called Strike
1-1: Ball
2-1: Swinging Strike
2-2: Ball
3-2: Ground out 5-3 (Groundball, 56)
Bottom of the 3rd over - 0 run(s), 1 hit(s), 0 error(s), 0 left on base; Mercer Island 2 - San Antonio 2
TOP OF THE 4TH
Mercer Island Screaming Eagles batting - Pitching for San Antonio BC : RHP Derek Holbrook
Batting: LHB Ramiro Ramos 0-0: Ball
1-0: Ball
2-0: Ball
3-0: Called Strike
3-1: Swinging Strike
3-2: Base on Balls
Batting: RHB Wade Killefer 0-0: Ball
1-0: Fly out, F8 (Line Drive, 8LXD)
Batting: RHB Martinus Xhaka 0-0: SINGLE (Line Drive, 7LS)
Ramiro Ramos to second
Batting: LHB Jorge Pérez 0-0: Ball
1-0: Fly out, F8 (Flyball, 8RD)
Runner from 2nd tags up, SAFE at 3rd, no throw
Batting: RHB Francisco Agámez 0-0: Called Strike
0-1: Swinging Strike
0-2: Strikes out swinging
Top of the 4th over - 0 run(s), 1 hit(s), 0 error(s), 2 left on base; Mercer Island 2 - San Antonio 2
BOTTOM OF THE 4TH
San Antonio BC batting - Pitching for Mercer Island Screaming Eagles : RHP Alberto Reyes
Batting: RHB Abraham Phelps 0-0: Ball
1-0: Fly out, F8 (Flyball, 8RM)
Batting: RHB Alba Hidalgo de Jesus 0-0: Ball
1-0: Swinging Strike
1-1: Swinging Strike
1-2: Ball
2-2: Fly out, F7 (Flyball, 7)
Batting: RHB Manny Álvarez 0-0: Ball
1-0: Foul Ball, location: 2F
1-1: Ball
2-1: Ground out 5-3 (Groundball, 56)
Bottom of the 4th over - 0 run(s), 0 hit(s), 0 error(s), 0 left on base; Mercer Island 2 - San Antonio 2
TOP OF THE 5TH
Mercer Island Screaming Eagles batting - Pitching for San Antonio BC : RHP Derek Holbrook
Batting: SHB Silas Floyd 0-0: Called Strike
0-1: SINGLE (Line Drive, 9S)
Batting: LHB Jacob Herman 0-0: Bunted foul
0-1: Ball
1-1: Bunt missed!
1-2: Ball
2-2: Fly out, F6 (Popup, 6D)
Batting: RHB Raúl Chávez 0-0: Ball
1-0: Fielders Choice at 2nd, 5-4 (Groundball, 56)
Batting: RHB Leonardo Ramírez 0-0: Ball
Raúl Chávez steals 2nd base
1-0: Swinging Strike
1-1: Foul Ball, location: 2F
1-2: Ball
2-2: Foul Ball, location: 2F
2-2: Fly out, F9 (Flyball, 89XD)
Top of the 5th over - 0 run(s), 1 hit(s), 0 error(s), 1 left on base; Mercer Island 2 - San Antonio 2
BOTTOM OF THE 5TH
San Antonio BC batting - Pitching for Mercer Island Screaming Eagles : RHP Alberto Reyes
Batting: RHB José Perea 0-0: Called Strike
0-1: Ball
1-1: Swinging Strike
1-2: Ball
2-2: Ball
3-2: Ground out 6-3 (Groundball, 6)
Batting: RHB Louis Litt 0-0: Foul Ball, location: 2F
0-1: Ball
Error on foul ball, E7
1-2: Foul Ball, location: 2F
1-2: Ball
2-2: Ball
3-2: Strikes out swinging
Batting: RHB Noël Sassetti 0-0: Called Strike
0-1: Foul Ball, location: 2F
0-2: Ball
1-2: Strikes out looking
Bottom of the 5th over - 0 run(s), 0 hit(s), 1 error(s), 0 left on base; Mercer Island 2 - San Antonio 2
TOP OF THE 6TH
Mercer Island Screaming Eagles batting - Pitching for San Antonio BC : RHP Derek Holbrook
Batting: LHB Ramiro Ramos 0-0: Called Strike
0-1: Foul Ball, location: 2F
0-2: Ball
1-2: Ball
2-2: Foul Ball, location: 2F
2-2: Foul Ball, location: 2F
2-2: Foul Ball, location: 2F
2-2: Foul Ball, location: 2F
2-2: Ball
3-2: Foul Ball, location: 2F
3-2: Ground out 1-3 (Groundball, 13S)
Batting: RHB Wade Killefer 0-0: Swinging Strike
0-1: Reached on error, E3 (Flyball, 3D)
Batting: RHB Martinus Xhaka 0-0: Ball
1-0: Ball
2-0: Called Strike
2-1: Foul Ball, location: 2F
2-2: Ball
3-2: Fly out, F9 (Flyball, 9D)
Batting: LHB Jorge Pérez 0-0: Foul Ball, location: 2F
0-1: Foul Ball, location: 2F
0-2: Fly out, F9 (Line Drive, 9D)
Top of the 6th over - 0 run(s), 0 hit(s), 1 error(s), 1 left on base; Mercer Island 2 - San Antonio 2
BOTTOM OF THE 6TH
San Antonio BC batting - Pitching for Mercer Island Screaming Eagles : RHP Alberto Reyes
Batting: RHB Chris Harrell 0-0: Reached on error, E5 (Groundball, 56)
Batting: LHB Lee Hart 0-0: Called Strike
0-1: Foul Ball, location: 2F
0-2: Grounds into double play, 4-6-3 (Groundball, 4)
Batting: RHB Phil Dougherty 0-0: Called Strike
0-1: Foul Ball, location: 2F
0-2: Ground out 5-3 (Groundball, 56)
Bottom of the 6th over - 0 run(s), 0 hit(s), 1 error(s), 0 left on base; Mercer Island 2 - San Antonio 2
TOP OF THE 7TH
Mercer Island Screaming Eagles batting - Pitching for San Antonio BC : RHP Derek Holbrook
Pinch Hitting: RHB Cristo González 0-0: Called Strike
0-1: Foul Ball, location: 2F
0-2: Foul Ball, location: 2F
0-2: Strikes out swinging
Batting: SHB Silas Floyd 0-0: Ball
1-0: Called Strike
1-1: Ball
2-1: Ball
3-1: Called Strike
3-2: Ground out 6-3 (Groundball, 6)
Batting: LHB Jacob Herman 0-0: Ball
1-0: Called Strike
1-1: Ball
2-1: Foul Ball, location: 2F
2-2: Ball
3-2: Foul Ball, location: 2F
3-2: Foul Ball, location: 2F
3-2: Ground out 4-3 (Groundball, 4)
Top of the 7th over - 0 run(s), 0 hit(s), 0 error(s), 0 left on base; Mercer Island 2 - San Antonio 2
BOTTOM OF THE 7TH
San Antonio BC batting - Pitching for Mercer Island Screaming Eagles : RHP Alberto Reyes
Now at 3B: Cristo González
Batting: RHB Abraham Phelps 0-0: Called Strike
0-1: Ball
1-1: Ball
2-1: Ball
3-1: Ground out 6-3 (Groundball, 6)
Batting: RHB Alba Hidalgo de Jesus 0-0: Swinging Strike
0-1: SINGLE (Line Drive, 6M)
Pinch Hitting: SHB Esteban Borsellino 0-0: Called Strike
0-1: Ball
1-1: Foul Ball, location: 2F
1-2: SINGLE (Groundball, 6MD)
Alba Hidalgo de Jesus to second
Pinch Runner at 2nd António Pérez:
Batting: RHB José Perea 0-0: Called Strike
António Pérez steals 3rd base
Esteban Borsellino to second
0-1: Ball
1-1: Intentional Walk
Pinch Hitting: LHB Earl Wiley 0-0: Called Strike
0-1: SINGLE (Groundball, 34D)
António Pérez scores
Esteban Borsellino to third
José Perea to second
Runner from 3rd tries for Home, SAFE, throw made home
José Perea to third
Earl Wiley to second
Batting: RHB Noël Sassetti 0-0: Swinging Strike
0-1: Ball
1-1: Ball
2-1: Foul Ball, location: 2F
2-2: Foul Ball, location: 2F
2-2: Strikes out swinging
Batting: RHB Chris Harrell 0-0: Ball
1-0: Called Strike
1-1: Ball
2-1: SINGLE (Flyball, 9LS)
José Perea scores
Earl Wiley to third
Runner from 3rd tries for Home, SAFE, no throw
Pitching: RHP Nésto Gago
Batting: LHB Lee Hart 0-0: Called Strike
0-1: Foul Ball, location: 2F
0-2: Foul Ball, location: 2F
0-2: Foul Ball, location: 2F
Pickoff Throw to First - Out!
Bottom of the 7th over - 4 run(s), 4 hit(s), 0 error(s), 0 left on base; Mercer Island 2 - San Antonio 6
TOP OF THE 8TH
Mercer Island Screaming Eagles batting - Pitching for San Antonio BC : RHP Derek Holbrook
Now at 2B: António Pérez
Now in CF: Earl Wiley
Now in RF: Esteban Borsellino
Batting: RHB Raúl Chávez 0-0: Ball
1-0: Ball
2-0: Called Strike
2-1: Foul Ball, location: 2F
2-2: Strikes out looking
Batting: RHB Leonardo Ramírez 0-0: SINGLE (Groundball, 56D)
Batting: LHB Ramiro Ramos 0-0: Ball
1-0: Foul Ball, location: 2F
1-1: SINGLE (Flyball, 78S)
Leonardo Ramírez to second
Batting: RHB Wade Killefer 0-0: 3-RUN HOME RUN (Flyball, 7D), Distance : 402 ft
Batting: RHB Martinus Xhaka 0-0: Called Strike
0-1: Ball
1-1: SINGLE (Flyball, 8LS)
Pitching: RHP Pepe Delgado
Batting: LHB Jorge Pérez 0-0: Grounds into double play, 4-6-3 (Groundball, 4)
Top of the 8th over - 3 run(s), 4 hit(s), 0 error(s), 0 left on base; Mercer Island 5 - San Antonio 6
BOTTOM OF THE 8TH
San Antonio BC batting - Pitching for Mercer Island Screaming Eagles : RHP Nésto Gago
Batting: LHB Lee Hart 0-0: Ball
1-0: Foul Ball, location: 2F
1-1: Ball
2-1: Ball
3-1: Ground out 1-3 (Groundball, 13)
Batting: RHB Phil Dougherty 0-0: Ball
1-0: Fly out, F8 (Flyball, 8RM)
Batting: RHB Abraham Phelps 0-0: Ground out 4-3 (Groundball, 4)
Bottom of the 8th over - 0 run(s), 0 hit(s), 0 error(s), 0 left on base; Mercer Island 5 - San Antonio 6
TOP OF THE 9TH
Mercer Island Screaming Eagles batting - Pitching for San Antonio BC : RHP Pepe Delgado
Pitching: LHP Felipe Vega
Batting: RHB Cristo González 0-0: Ball
1-0: Ball
2-0: Called Strike
2-1: TRIPLE (Flyball, 89XD)
Pinch Hitting: RHB Marcos Reyes 0-0: Fly out, F5 (Line Drive, 5)
Batting: LHB Jacob Herman 0-0: Bunted foul
0-1: Ball
1-1: Ball
2-1: Ground out 6-3 (Groundball, 6)
Batting: RHB Raúl Chávez 0-0: Fly out, F2 (Popup, 5S)
Top of the 9th over - 0 run(s), 1 hit(s), 0 error(s), 1 left on base; Mercer Island 5 - San Antonio 6
Wednesday, August 30th, 2017 - OOTP Baseball 17.12 Build 75